Map: Oxide LE

Players

Rogue - Winner!

  • Race: Zerg Zerg
  • Spawn Location: 7:00

Serral

  • Race: Zerg Zerg
  • Spawn Location: 1:00

Event: StayAtHome Story Cup #3

VOD

Have the link to the VOD?

Description

Time

  • Played on: March 13, 2021, 12:39 p.m.
  • Length: 5:38

All games in this series

Show
View Real Time Build Order
Export as new Build Order

Rogue Zerg - Winner!

Build Orders: Hatch First 

Get SALT Encoding   

  12  0:00  Drone  
  13  0:12  Overlord  
  13  0:16  Drone  
  14  0:30  Drone x2  
  16  0:47  Hatchery  
  15  0:50  Drone  
  15  0:53  Drone  
  18  0:57  Drone  
  18  1:07  Extractor  
  17  1:12  Spawning Pool  
  17  1:15  Drone  
  18  1:18  Drone  
  18  1:28  Drone  
  19  1:38  Drone  
  20  1:49  Drone  
  21  1:59  Queen x2  
  21  2:00  Drone, Overlord  
  26  2:09  Metabolic Boost  
  26  2:10  Drone x2  
  28  2:21  Drone x2  
  30  2:33  Zergling x2  
  30  2:34  Hatchery  
  30  2:35  Zergling x2  
  31  2:41  Queen  
  33  2:46  Overlord  
  33  2:47  Zergling x2  
  34  2:54  Zergling x4  
  36  3:08  Zergling x14  
  36  3:09  Zergling x2  
  44  3:17  Overlord  
  44  3:23  Baneling Nest  
  43  3:29  Drone  
  44  3:37  Drone  
  44  3:38  Drone  
  44  3:41  Drone  
  47  3:43  Zergling x2  
  47  3:44  Zergling x6  
  51  3:49  Zergling x8  
  51  3:54  Zergling x2  
  51  4:00  Zergling x4  
  53  4:07  Zergling x4  
  55  4:10  Zergling x2  
  55  4:11  Zergling x2  
  55  4:15  Overlord  
  57  4:18  Baneling x4  
  56  4:25  Zergling x2  
  57  4:33  Zergling x6  
  57  4:34  Zergling x10, Overlord  
  65  4:39  Zergling x2  
  65  4:43  Baneling x2  
  66  4:47  Zergling x2  
  66  4:48  Zergling x2  
  64  4:55  Zergling x14  
  65  5:02  Zergling x2  
  63  5:08  Zergling x8  
  63  5:12  Zergling x2  
  63  5:13  Zergling x6  
  69  5:18  Zergling x2  
  61  5:28  Roach Warren  
Show
View Real Time Build Order
Export as new Build Order

Serral Zerg 

Build Orders: Hatch First 

Get SALT Encoding   

  12  0:00  Drone  
  13  0:12  Overlord  
  13  0:18  Drone  
  14  0:31  Drone x2  
  16  0:49  Hatchery  
  15  0:51  Drone  
  15  0:55  Drone  
  17  0:59  Drone  
  18  1:05  Extractor  
  17  1:14  Spawning Pool  
  17  1:17  Drone  
  17  1:21  Drone  
  18  1:27  Drone  
  19  1:38  Drone  
  20  1:49  Drone  
  21  2:00  Queen x2, Overlord  
  25  2:01  Zergling x2  
  25  2:05  Metabolic Boost  
  26  2:10  Drone  
  26  2:12  Drone  
  28  2:21  Drone  
  28  2:22  Drone  
  30  2:33  Drone  
  30  2:35  Hatchery  
  30  2:40  Overlord  
  30  2:45  Zergling x4  
  32  2:54  Zergling x2  
  32  2:55  Drone  
  34  3:05  Zergling x4  
  36  3:09  Zergling x6  
  36  3:10  Zergling x6  
  42  3:18  Overlord, Baneling Nest  
  41  3:23  Zergling x2  
  41  3:28  Zergling x2  
  42  3:38  Zergling x2  
  44  3:41  Zergling x2  
  44  3:42  Drone  
  44  3:44  Zergling x10  
  44  3:47  Zergling x2  
  47  3:59  Drone x3  
  47  4:02  Baneling  
  50  4:03  Evolution Chamber  
  50  4:04  Baneling  
  50  4:05  Drone  
  50  4:07  Drone  
  51  4:10  Roach Warren  
  51  4:11  Drone  
  51  4:14  Drone x2  
  53  4:24  Overlord  
  53  4:25  Drone  
  53  4:29  Overlord  
  53  4:30  Drone  
  55  4:39  Baneling  
  54  4:55  Roach x2  
  54  4:56  Roach x5  
  62  5:05  Roach  
  61  5:08  Drone  
  61  5:09  Drone x2  
  61  5:13  Drone x2  
  62  5:18  Drone x2  
  58  5:21  Drone  
Tags
 
Add a new tag
Caveats
  • Supply blocks, unpowered buildings, or Contaminate may cause inaccurate times.
  • Supply counts are checked every 10 seconds.